 Dungeon Crawl Stone Soup version 0.28-a0-1152-g9c71ebef14 (webtiles) character file.

Game seed: 17502586651952444537

3574 spaghetti the Fighter (level 9, 0/81 HPs)
             Began as a Mummy Delver on Dec 14, 2021.
             Was a High Priest of Cheibriados.
             Slain by a steam dragon (2 damage)
             ... on level 7 of the Dungeon.
             The game lasted 00:15:43 (8830 turns).

spaghetti the Fighter (Mummy Delver)                Turns: 8830, Time: 00:15:43

Health: 0/81       AC:  7    Str: 42    XL:     9   Next: 84%
Magic:  11/14      EV: 12    Int: 18    God:    Cheibriados [*****.]
Gold:   272        SH:  0    Dex: 27    Spells: 8/8 levels left

rFire   . . .      SeeInvis .   j - +2 dagger (venom) {short}
rCold   + . .      Faith    +   (no shield)
rNeg    + + +      Spirit   .   b - +0 leather armour
rPois   ∞          Reflect  .   c - +0 helmet
rElec   .          Harm     .   i - +1 cloak
rCorr   .          Rampage  .   s - +0 pair of gloves "Nate Nuh" {rF+ Int-2 Dex+2 Stlth+}
Will    +....                   (no boots)
Stlth   ++++......              o - amulet of faith {!P}
HPRegen 0.23/turn               t - +6 ring of strength
MPRegen 0.14/turn               v - +6 ring of strength

@: studying Polearms, very slow
A: cold resistance 1, negative energy resistance 3, torment resistance 2, heat
vulnerability 1, no potions
a: Renounce Religion, Bend Time, Temporal Distortion, Slouch, Step From Time


You were on level 7 of the Dungeon.
You worshipped Cheibriados.
Cheibriados was extremely pleased with you.
You visited 2 branches of the dungeon, and saw 8 of its levels.

You collected 272 gold pieces.


Innate Abilities, Weirdness & Mutations

You are immune to poison.
Your flesh is cold resistant. (rC+)
You are immune to negative energy. (rN+++)
You are immune to unholy pain and torment.
You are vulnerable to heat. (rF-)
You do not drink.


   Skills:
 + Level 11.1 Fighting
 - Level 4.0(4.1) Short Blades
 - Level 1.5(3.0) Long Blades
 - Level 1.5 Dodging
 - Level 4.1 Stealth
 + Level 7.0 Invocations


You had 8 spell levels left.
You didn't know any spells.
Your spell library contained the following spells:

 Spells                   Type           Power      Damage    Failure   Level
 Slow                     Hex            0%         N/A       24%         1
 Summon Small Mammal      Summ           0%         N/A       24%         1
 Call Canine Familiar     Summ           0%         N/A       56%         3
 Confusing Touch          Hex            0%         N/A       56%         3
 Summon Guardian Golem    Hex/Summ       0%         N/A       56%         3
 Hailstorm                Conj/Ice       0%         3d3       93%         4
 Yara's Violent Unravell  Hex/Tmut       0%         3d3       100%        5
 Simulacrum               Ice/Necr       0%         N/A       100%        6
 Ice Form                 Ice/Tmut       Unusable   N/A       N/A         4

Inventory:

Hand Weapons
 a - a +0 falchion {long}
 e - a +0 dagger of venom {short}
   (You took it off a goblin on level 6 of the Dungeon)
 j - a +2 dagger of venom (weapon) {short}
   (You took it off a kobold on level 4 of the Dungeon)
 n - a +2 whip of venom {mace}
   (You took it off a gnoll on level 4 of the Dungeon)
Missiles
 d - 285 stones (quivered) {throwing}
 h - 39 arrows
 k - 46 poisoned darts {throwing}
 m - 69 bolts
 r - 62 sling bullets
 u - a boomerang {throwing}
 w - a curare-tipped dart {=fthrowing}
Armour
 b - a +0 leather armour (worn)
 c - a +0 helmet (worn)
   (You found it on level 4 of the Dungeon)
 i - a +1 cloak (worn)
   (You found it on level 6 of the Dungeon)
 l - a +0 ring mail
   (You found it on level 4 of the Dungeon)
 s - the +0 pair of gloves "Nate Nuh" (worn) {rF+ Int-2 Dex+2 Stlth+}
   (You found it on level 3 of the Dungeon)

   Int:       It affects your intelligence (-2).
   Dex:       It affects your dexterity (+2).
   rF:        It protects you from fire.
   Stlth:     It makes you more stealthy.
Jewellery
 g - an amulet of regeneration {@e2}
   (You found it on level 5 of the Dungeon)
 o - an amulet of faith (around neck) {!P}
   (You found it on level 4 of the Dungeon)
 t - a +6 ring of strength (left hand)
   (You took it off a goblin on level 3 of the Dungeon)
 v - a +6 ring of strength (right hand)
   (You found it on level 7 of the Dungeon)
Wands
 f - a wand of digging (19)
 p - a wand of polymorph (8)
   (You found it on level 4 of the Dungeon)
Scrolls
 q - a scroll of magic mapping {!r}
 x - a scroll of vulnerability {!r!r}
 y - 3 scrolls of identify {@r1}

Dungeon Overview and Level Annotations

Branches:
Dungeon (7/15)             Temple (1/1) D:6

Altars:
Ashenzari
Cheibriados
Fedhas
Hepliaklqana
Kikubaaqudgha
Makhleb
Nemelex Xobeh
Okawaru
Qazlal
Ru
Sif Muna
Uskayaw
Wu Jian
Xom
Yredelemnul
Zin
The Shining One

Annotations:
D:3 1 exclusion
D:7 4 runed translucent doors

# ##. # ..# # ## #
..############### # #|.
(##.##.§....#......
####.##.#.##..§......Z..#
.+.##.#.#.##...§........#
.##.#o.)#.......§.......#
.#.####.#..####..§......#
.##...J##..# #.@D§>....#
..######...# #.........#
...........# #.........#
..........## #.........#
########### #.........#
#####.##### .. ###


You could see a steam dragon and a killer bee zombie.


Message History

The centaur kicks you but does no damage. 😮 HP[+1]
You hit the centaur.
You kill the centaur!
Cheibriados thoroughly appreciates the change of pace.
You hit the slime creature. The slime creature hits you. 😮 HP[-4]
You take 4 damage, and now have 50/79 hp.
You hit the slime creature. You hit the slime creature.
The slime creature hits you!
* * * LOW HITPOINT WARNING * * *
😨 HP[-17]
You take 17 damage, and now have 33/79 hp.
MASSIVE DAMAGE!! (PAUSE)
You hit the slime creature. 😨 MP[+1]
You hit the slime creature. The slime creature misses you. 😨 HP[+1]
You hit the slime creature.
The slime creature looks as sick as possible!
Unknown command.
You hit the slime creature. The slime creature barely misses you.
You puncture the slime creature!
The slime creature looks as sick as possible!
The slime creature is no longer moving slowly.
You barely miss the slime creature. The slime creature hits you!
* * * LOW HITPOINT WARNING * * *
😨 HP[-13]
You take 13 damage, and now have 21/79 hp.
Unknown command.
Unknown command.
You hit the slime creature. The slime creature hits you!
* * * LOW HITPOINT WARNING * * *
😱 HP[-9]
You take 9 damage, and now have 12/79 hp.
Okay, then.
You can't drink.
Okay, then.
Unknown command.
You hit the slime creature. The slime creature hits you.
* * * LOW HITPOINT WARNING * * *
😱 HP[-1]
You take 1 damage, and now have 11/79 hp.
Unknown command.
Unknown command.
Okay, then. 😱 MP[+1] Really read
v - a scroll of blinking {!r}?
Blink to where?
Press: ? - help, Dir - move target
As you read the scroll of blinking {!r}, it crumbles to dust.
You can't drink.
Okay, then. 😱 HP[+1] Cheibriados appreciates the change of pace.
You feel a bit more experienced.
Your Fighting skill increases to level 11!
There is an open door here. 😱 HP[+1]
You now have 81 max hp (+2).
Cheibriados thoroughly appreciates the change of pace.
You feel a bit more experienced.
Your Invocations skill increases to level 7! 😱 MP[+1]
You close the door. 😱 HP[+1] 😱 HP[+1] 😱 MP[+1]
Your mp is fully restored (14). 😱 HP[+1] 😱 HP[+1] 😱 HP[+1] 😱 HP[+1]
Found a stone staircase leading down.
A steam dragon comes into view. 😱 HP[+1] 😨 HP[+1]
A killer bee zombie comes into view.
You see here a +6 ring of strength.
v - a +6 ring of strength The steam dragon hisses angrily.
You feel stronger.
v - a +6 ring of strength (right hand)
You can't drink.
Okay, then.
The flow of time bends around you. 😨 HP[+1] MP[-3]
You lost 3 mp, and now have 11/14 mp.
The steam dragon breathes steam at you. The ball of steam hits you!
* * * LOW HITPOINT WARNING * * *
😱 HP[-17]
You take 17 damage, and now have 5/81 hp.
MASSIVE DAMAGE!! (PAUSE) Unknown command.
Okay, then.
The steam dragon bites you.
* * * LOW HITPOINT WARNING * * *
The steam dragon claws you.
You die...

Skill      XL: |  1  2  3  4  5  6  7  8  9 |
---------------+----------------------------+-----
Fighting       | 4 5 6 8 9 11 | 11.1
Short Blades   | 1 2 3 4 |  4.0
Invocations    | 1 4 7 |  7.0
Long Blades    | |  1.5
Dodging        | |  1.5
Stealth        | |  4.1

Action                   |  1- 3 |  4- 6 |  7- 9 || total
-------------------------+-------+-------+-------++-------
Melee: Falchion          |    13 |       |       ||    13
       Dagger            |    42 |   173 |   398 ||   613
Invok: Bend Time         |       |     4 |    13 ||    17
Evoke: Wand              |       |     2 |       ||     2
  Use: Scroll            |     5 |     2 |     7 ||    14
 Stab: Sleeping          |       |     9 |    20 ||    29
       Distracted        |       |       |     1 ||     1
Armor: Leather armour    |    17 |    45 |   107 ||   169
Dodge: Dodged            |    57 |   112 |   222 ||   391

Levels and vault maps discovered:
D:1:      heliophobic_arrival_battle_scene, layout_loops_ring
D:2:      layout_rooms, columned_hall_lemuel, hex_intersection, uniq_robin
D:3:      layout_basic, led_sif_book, minmay_checkerbox, uniq_ijyb,
          uniq_jessica, uniq_pargi
D:4:      layout_cave_pools, hangedman_decor_peaks_small
D:5:      layout_loops_ring, minmay_ogre_servants, uniq_grinder,
          uniq_prince_ribbit1
D:6:      layout_loops_corners, minmay_temple_entry_glassed_door, uniq_duvessa
D:7:      layout_basic, minmay_hollow_rounded_squares
Temple:   kb_temple_of_zot

Notes
Turn   | Place    | Note
-------+----------+-------------------------------------------
     0 | D:5      | spaghetti the Mummy Delver began the quest for the Orb.
     0 | D:5      | Reached XP level 1. HP: 18/18 MP: 1/1
     0 | D:5      | magus.rc [v1.9.6]
    22 | D:5      | Noticed a phantom
    57 | D:6      | Noticed a black bear
   116 | D:6      | Noticed a hound
   132 | D:6      | Killed a hound
   133 | D:6      | Reached skill level 4 in Fighting
   133 | D:6      | Reached XP level 2. HP: 9/25 MP: 2/2
   133 | D:6      | Reached XP level 3. HP: 11/30 MP: 3/3
   137 | D:6      | Found a staircase to the Ecumenical Temple.
   161 | Temple   | Entered the Ecumenical Temple
   266 | Temple   | Became a worshipper of Cheibriados the Contemplative
   400 | D:5      | Noticed an ogre
   440 | D:6      | Noticed Duvessa
   440 | D:6      | Noticed Dowan
   505 | D:5      | HP: 6/31 [goblin/stone (3)]
   547 | D:5      | Reached skill level 1 in Short Blades
   599 | D:5      | Noticed Grinder
   607 | D:5      | Paralysed by Grinder for 6 turns
   654 | D:4      | Reached XP level 4. HP: 18/38 MP: 4/4
   692 | D:4      | Reached skill level 5 in Fighting
   692 | D:4      | Reached skill level 2 in Short Blades
   692 | D:4      | Reached XP level 5. HP: 24/44 MP: 5/5
   709 | D:3      | HP: 11/44 [iguana (10)]
   821 | D:3      | You fall into a shaft and drop 2 floors!
   927 | D:4      | Reached * piety under Cheibriados
  1261 | D:4      | Reached XP level 6. HP: 50/52 MP: 6/6
  1375 | D:3      | Noticed Jessica
  1395 | D:3      | Killed Jessica
  1448 | D:3      | You pick up a book of Misfortune and begin reading...
  1448 | D:3      | You add the spells Slow, Confusing Touch and Yara's Violent
                  | Unravelling to your library.
  1522 | D:3      | Reached skill level 3 in Short Blades
  1625 | D:3      | Identified the +0 pair of gloves "Nate Nuh" {rF+ Int-2
                  | Dex+2 Stlth+}
  1652 | D:3      | Noticed Pargi
  1666 | D:3      | Killed Pargi
  1667 | D:3      | Reached skill level 6 in Fighting
  1846 | D:2      | Noticed Robin
  1863 | D:3      | Reached ** piety under Cheibriados
  2073 | D:3      | Killed Robin
  2074 | D:3      | HP: 12/52 [hobgoblin[Robin] (3)]
  2081 | D:3      | HP: 11/52 [hobgoblin[Robin] (2)]
  2092 | D:3      | HP: 11/52 [adder (1)]
  2486 | D:3      | Noticed Ijyb
  2490 | D:3      | Found a shimmering blue altar of Sif Muna.
  2491 | D:3      | Killed Ijyb
  2626 | D:3      | Reached XP level 7. HP: 26/59 MP: 7/7
  3457 | D:2      | Reached *** piety under Cheibriados
  4181 | D:2      | Reached skill level 4 in Short Blades
  4430 | D:5      | Identified a scroll of acquirement
  4430 | D:5      | Acquired a manual of Polearms
  4853 | D:5      | You pick up a book of the Tundra and begin reading...
  4853 | D:5      | You add the spells Hailstorm and Simulacrum to your
                  | library.
  5113 | D:5      | Reached skill level 7 in Fighting
  5120 | D:5      | HP: 15/60 [orc priest/divine providence (15)]
  5127 | D:5      | HP: 10/60 [Grinder (2)]
  5130 | D:5      | Killed Grinder
  5131 | D:5      | Reached skill level 8 in Fighting
  5500 | D:5      | Noticed Prince Ribbit
  5516 | D:5      | Killed Prince Ribbit
  5517 | D:5      | Reached skill level 1 in Invocations
  5517 | D:5      | Reached XP level 8. HP: 19/69 MP: 4/9
  5780 | D:5      | Reached skill level 2 in Invocations
  5983 | D:5      | Reached skill level 3 in Invocations
  6071 | D:5      | HP: 11/70 [orc warrior (11)]
  6073 | D:5      | Reached skill level 9 in Fighting
  6076 | D:5      | HP: 11/71 [orc priest (2)]
  6083 | D:5      | Reached **** piety under Cheibriados
  6677 | D:5      | Reached skill level 4 in Invocations
  7257 | D:6      | Reached XP level 9. HP: 78/78 MP: 12/12
  7351 | D:6      | Killed Dowan
  7358 | D:6      | Killed Duvessa
  7359 | D:6      | Reached skill level 5 in Invocations
  7680 | D:6      | Reached skill level 10 in Fighting
  8489 | D:7      | Noticed a kobold demonologist
  8494 | D:7      | Noticed a rust devil
  8505 | D:7      | Killed a kobold demonologist
  8506 | D:7      | Reached skill level 6 in Invocations
  8585 | D:7      | Reached ***** piety under Cheibriados
  8729 | D:7      | Found a large runed translucent door.
  8733 | D:7      | You pick up a book of Callings and begin reading...
  8733 | D:7      | You add the spells Summon Small Mammal, Call Canine
                  | Familiar and Summon Guardian Golem to your library.
  8735 | D:7      | Found a large runed translucent door.
  8743 | D:7      | Found a large runed translucent door.
  8743 | D:7      | Found a large runed translucent door.
  8799 | D:7      | HP: 12/79 [slime creature (10)]
  8806 | D:7      | Reached skill level 11 in Fighting
  8807 | D:7      | Reached skill level 7 in Invocations
  8829 | D:7      | HP: 5/81 [steam dragon/ball of steam (17)]
  8830 | D:7      | HP: 2/81 [steam dragon (3)]
  8830 | D:7      | Slain by a steam dragon

Vanquished Creatures
  A kobold demonologist (D:7)
  A slime creature (D:7)
  Grinder (D:5)
  Prince Ribbit (D:5)
  2 vampire mosquitoes (D:7)
  2 orc warriors
  Duvessa (D:6)
  Pargi (D:3)
  2 black bears
  An ice beast (D:5)
  A sky beast (D:7)
  A necrophage (D:6)
  2 ogres (D:5)
  A centaur (D:7)
  A phantom (D:5)
  3 kobold brigands (D:7)
  A bullfrog (D:6)
  A wyvern zombie (D:3)
  A scorpion (D:5)
  A water moccasin skeleton (D:6)
  Dowan (D:6)
  5 hounds
  3 orc priests (D:5)
  Ijyb (D:3)
  4 jellies
  A centaur skeleton (D:7)
  Jessica (D:3)
  5 iguanas
  2 orc wizards
  A killer bee zombie (D:7)
  Robin (D:3)
  A howler monkey skeleton (D:7)
  3 gnolls (D:4)
  9 adders
  4 dart slugs
  6 orcs
  5 ball pythons
  7 endoplasms
  15 hobgoblins
  9 jackals
  7 quokkas
  5 bats
  3 frilled lizards
  20 goblins
  18 kobolds
  4 rats
167 creatures vanquished.

Table legend:
 A = Non-vault XP
 B = Vault XP
 C = Vault XP percentage of total XP
 D = Non-vault monster count
 E = Vault monster count
 F = Vault count percentage of total count
                 A         B        C        D         E       F
            +---------+---------+-------+---------+---------+-------
      Total |    3474 |    1633 |  32.0 |     132 |      35 |  21.0
            +---------+---------+-------+---------+---------+-------
        D:1 |      31 |       0 |   0.0 |      18 |       0 |   0.0
        D:2 |      62 |       3 |   4.6 |      27 |       2 |   6.9
        D:3 |     198 |     252 |  56.0 |      19 |      18 |  48.6
        D:4 |     240 |       0 |   0.0 |      16 |       0 |   0.0
        D:5 |    1006 |     640 |  38.9 |      18 |       9 |  33.3
        D:6 |     674 |     208 |  23.6 |      14 |       3 |  17.6
        D:7 |    1263 |     530 |  29.6 |      20 |       3 |  13.0
            +---------+---------+-------+---------+---------+-------

Illustrated notes

Table legend:
 A = Kills in this place as a percentage of kills in entire the game.
 B = Kills by you in this place as a percentage of kills by you in the entire game.
 C = Kills by friends in this place as a percentage of kills by friends in the entire game.
 D = Other kills in this place as a percentage of other kills in the entire game.
 E = Experience gained in this place as a percentage of experience gained in the entire game.
 F = Experience gained in this place divided by the number of levels of this place that you have seen.
                   A       B       C       D       E      F
               +-------+-------+-------+-------+-------+----------------------
         Total | 100.0 | 100.0 |   N/A |   N/A | 100.0 | 638.4
       Dungeon | 100.0 | 100.0 |   N/A |   N/A | 100.0 | 729.6
               +-------+-------+-------+-------+-------+----------------------

Table legend: (Time is in decaauts)
 A = Elapsed time spent in this place.
 B = Non-inter-level travel time spent in this place.
 C = Inter-level travel time spent in this place.
 D = Time resting spent in this place.
 E = Time spent auto-exploring this place.
 F = Levels seen in this place.
 G = Mean time per level.
                   A        B        C        D        E       F      G
               +--------+--------+--------+--------+--------+-----+--------+
         Total |  10942 |  10520 |    422 |   2934 |   5703 |   8 | 1367.8 |
       Dungeon |  10803 |  10414 |    389 |   2934 |   5616 |   7 | 1543.3 |
        Temple |    138 |    106 |     32 |      0 |     87 |   1 |  138.0 |
               +--------+--------+--------+--------+--------+-----+--------+

Top non-repeatable levels by time:
     D:5: 2965 daAuts
     D:3: 2298 daAuts
     D:6: 1705 daAuts
     D:4: 1025 daAuts
     D:7: 1022 daAuts
     D:1: 963 daAuts
     D:2: 823 daAuts
  Temple: 138 daAuts
